 Dungeon Crawl Stone Soup version 0.25-a0-413-g3b4b6a4ccc (webtiles) character file.

Game seed: 14231788491538291651, levelgen mode: deterministic

2369790 hittemvvvvvvhard the Petrodigitator (level 27, 268/269 HPs)
             Began as a Troll Gladiator on Jan 16, 2020.
             Was a High Priest of Cheibriados.
             Escaped with the Orb
             ... and 4 runes on Jan 17, 2020!
             The game lasted 03:02:15 (68823 turns).

hittemvvvvvvhard the Petrodigitator (TrGl)         Turns: 68823, Time: 03:02:15

Health: 268/269    AC: 23    Str: 50    XL:     27
Magic:  45/45      EV: 16    Int: 29    God:    Cheibriados [*****.]
Gold:   97         SH: 16    Dex: 25    Spells: 5/46 levels left

rFire    + + +     SeeInvis +   b - staff of wizardry {wiz+, !a}
rCold    + . .     Gourm    +   v - +1 shield of Leapfrog {rPois rF+ MR+}
rNeg     . . .     Faith    .   Y - +8 fire dragon scales
rPois    +         Spirit   .   w - +2 hat
rElec    +         Reflect  .   R - scarf {rC+ rF+}
rCorr    .         Harm     .   (gloves unavailable)
MR       +++..     Clarity  +   (boots unavailable)
Stlth    ..........             j - amulet of Naustaj {Acrobat rElec Str+2 Dex+3}
HPRegen  0.94/turn              T - ring "Lamnatwa" {Wiz rC+ Str+3 Int+3 Dex-5}
MPRegen  0.29/turn              S - ring "Likaikhuos" {MP+9 Int+8 Dex+5 SInv}

@: studying Armour, very slow
A: large, unfitting armour, claws 3, horns 1, clarity, deformed body, dopey 1,
fast metabolism 3, gourmand, regeneration 1, shaggy fur 1, tough skin 3, subdued
magic 1
0: Orb of Zot
}: 4/15 runes: decaying, silver, abyssal, gossamer
a: Bend Time, Temporal Distortion, Slouch, Step From Time, Renounce Religion


You escaped.
You worshipped Cheibriados.
Cheibriados was extremely pleased with you.
You were not hungry.

You visited 10 branches of the dungeon, and saw 52 of its levels.
You visited the Abyss 1 time.
You also visited: Bailey and Ice Cave.

You collected 8617 gold pieces.
You spent 8520 gold pieces at shops.

Inventory:

Missiles
 x - 68 large rocks {!d}
 C - 8 silver javelins (quivered)
 E - 6 throwing nets {=f}
 Z - a javelin
Armour
 v - the +1 shield of Leapfrog (worn) {rPois rF+ MR+}
   (You acquired it on level 12 of the Dungeon)

   It protects you from fire.
   It protects you from poison.
   It affects your resistance to hostile enchantments.
 w - a +2 hat (worn)
 P - a +2 cloak
 R - a scarf of resistance (worn)
 Y - +8 fire dragon scales (worn)
Magical Staves
 b - an uncursed staff of wizardry (weapon) {wiz+, !a}
Jewellery
 j - the amulet of Naustaj (around neck) {Acrobat rElec Str+2 Dex+3}
   (You acquired it on level 3 of the Lair of Beasts)

   [amulet of the acrobat]

   It helps you evade while moving and waiting.
   It affects your strength (+2).
   It affects your dexterity (+3).
   It insulates you from electricity.
 F - the macabre finger necklace {rN+}
   (You found it in an ice cave)

   [amulet of nothing]

   It protects you from negative energy.
 I - the ring "Suixeinn" {rC++ Dex+4 Slay+3}
   (You acquired it on level 12 of the Dungeon)

   [ring of slaying]

   It affects your dexterity (+4).
   It affects your accuracy and damage with ranged weapons and melee attacks
   (+3).
   It greatly protects you from cold.
 S - the ring "Likaikhuos" (right claw) {MP+9 Int+8 Dex+5 SInv}
   (You found it on level 3 of the Crypt)

   [ring of dexterity]

   It affects your intelligence (+8).
   It affects your dexterity (+5).
   It affects your magic capacity (+9).
   It lets you see invisible.
 T - the ring "Lamnatwa" (left claw) {Wiz rC+ Str+3 Int+3 Dex-5}
   (You found it on level 5 of the Vaults)

   [ring of wizardry]

   It improves your spell success rate.
   It affects your strength (+3).
   It affects your intelligence (+3).
   It affects your dexterity (-5).
   It protects you from cold.
 W - an uncursed ring of wizardry {Wiz+}
Wands
 d - a wand of disintegration (34)
 n - a wand of acid (26)
 y - a wand of paralysis (26)
 D - a wand of digging (28)
 L - a wand of enslavement (38)
 N - a wand of scattershot (13)
 X - a wand of iceblast (47)
Scrolls
 i - 11 scrolls of identify
 m - 3 scrolls of blinking {!r}
 r - 9 scrolls of magic mapping {!r}
 t - 18 scrolls of teleportation
 B - 21 scrolls of remove curse
 K - 7 scrolls of fear
 M - 4 scrolls of fog
 O - 2 scrolls of holy word {!r}
Potions
 c - 3 potions of brilliance
 h - 14 potions of might
 k - 4 potions of invisibility
 o - 7 potions of magic
 p - 6 potions of flight
 q - 7 potions of agility
 u - 19 potions of curing
 z - 5 potions of resistance
 A - 6 potions of heal wounds
 G - 2 potions of ambrosia
 Q - 5 potions of mutation {!q}
 V - 2 potions of cancellation
Books
 s - a manual of Armour {!d}
Miscellaneous
 a - 4 boxes of beasts
 f - a lightning rod (4/4)
 g - a fan of gales
 J - 2 sacks of spiders
 U - 2 phantom mirrors
Comestibles
 e - 37 rations


   Skills:
 - Level 15.0 Fighting
 - Level 8.0 Throwing
 + Level 15.0 Armour
 - Level 8.0 Dodging
 - Level 9.0 Shields
 - Level 15.0 Unarmed Combat
 - Level 10.0 Spellcasting
 O Level 27 Earth Magic
 - Level 13.0 Invocations
 - Level 8.0 Evocations


You had 5 spell levels left.
You knew the following spells:

 Your Spells              Type           Power        Failure   Level  Hunger
a - Shatter               Erth           #######...   1%          9    #######
b - Blink                 Tloc           N/A          1%          2    None
c - Iron Shot             Conj/Erth      ######....   1%          6    #####..
d - Leda's Liquefaction   Hex/Erth       ######....   1%          4    None
e - Borgnjor's Vile Clut  Necr/Erth      ######....   1%          5    ###....
f - Statue Form           Tmut/Erth      ######...    1%          6    #####..
g - Apportation           Tloc           ##....       1%          1    None
w - Passwall              Tmut/Erth      ######..     0%          2    None
z - Lee's Rapid Deconstr  Erth           #######...   0%          5    ###....
B - Summon Butterflies    Summ           ##......     1%          1    None

Your spell library contained the following spells:

 Spells                   Type           Power        Failure   Level  Hunger
 Sandblast                Erth           ######       0%          1    None
 Animate Skeleton         Necr           N/A          1%          1    None
 Beastly Appendage        Tmut           ##....       1%          1    None
 Corona                   Hex            ##.....      1%          1    None
 Foxfire                  Conj/Fire      ##..         1%          1    None
 Freeze                   Ice            ##..         1%          1    None
 Magic Dart               Conj           ##..         1%          1    None
 Pain                     Necr           ##..         1%          1    None
 Shock                    Conj/Air       ##..         1%          1    None
 Summon Small Mammal      Summ           ##..         1%          1    None
 Call Imp                 Summ           ##......     1%          2    None
 Ensorcelled Hibernation  Hex/Ice        ##....       1%          2    None
 Poisonous Vapours        Pois/Air       ##....       1%          2    None
 Searing Ray              Conj           ##....       1%          2    None
 Slow                     Hex            ##......     1%          2    None
 Sticks to Snakes         Tmut           ##......     1%          2    None
 Swiftness                Chrm/Air       ##......     1%          2    None
 Stone Arrow              Conj/Erth      ######       1%          3    None
 Petrify                  Tmut/Erth      ######..     1%          4    None
 Bolt of Magma            Conj/Fire/Erth ######....   1%          5    ###....
 Call Canine Familiar     Summ           ##......     3%          3    None
 Confusing Touch          Hex            ##......     3%          3    None
 Conjure Flame            Conj/Fire      ##......     3%          3    None
 Dazzling Flash           Conj/Hex       ##....       3%          3    None
 Gell's Gravitas          Tloc           ##........   3%          3    None
 Lesser Beckoning         Tloc           ##........   3%          3    None
 Mephitic Cloud           Conj/Pois/Air  ##......     3%          3    None
 Ozocubu's Armour         Chrm/Ice       ##......     3%          3    None
 Portal Projectile        Hex/Tloc       ##....       3%          3    None
 Recall                   Summ/Tloc      N/A          3%          3    None
 Spider Form              Tmut/Pois      ##........   3%          3    None
 Summon Guardian Golem    Hex/Summ       ##......     3%          3    None
 Tukima's Dance           Hex            ##......     3%          3    None
 Vampiric Draining        Necr           ##........   3%          3    None
 Animate Dead             Necr           N/A          13%         4    None
 Cause Fear               Hex            ##........   13%         4    None
 Dispel Undead            Necr           ##......     13%         4    None
 Fulminant Prism          Conj/Hex       ##........   13%         4    None
 Hailstorm                Conj/Ice       ##......     13%         4    None
 Ice Form                 Ice/Tmut       ##......     13%         4    None
 Iskenderun's Mystic Bla  Conj/Tloc      ##......     13%         4    None
 Summon Ice Beast         Ice/Summ       ##......     13%         4    None
 Summon Lightning Spire   Summ/Air       ##......     13%         4    None
 Agony                    Necr           ##......     32%         5    ###....
 Alistair's Intoxication  Tmut/Pois      ##......     32%         5    ###....
 Blade Hands              Tmut           ##........   32%         5    ###....
 Fireball                 Conj/Fire      ##........   32%         5    ###....
 Irradiate                Conj/Tmut      ##........   32%         5    ###....
 Iskenderun's Battlesphe  Conj/Chrm      ##......     32%         5    ###....
 Metabolic Englaciation   Hex/Ice        ##........   32%         5    ###....
 Silence                  Hex/Air        ##........   32%         5    ###....
 Yara's Violent Unravell  Hex/Tmut       ##........   32%         5    ###....
 Darkness                 Hex            ##........   86%         6    #####..
 Deflect Missiles         Chrm/Air       ##........   86%         6    #####..
 Dispersal                Tloc           ##........   86%         6    #####..
 Freezing Cloud           Conj/Ice/Air   ##........   86%         6    #####..
 Hydra Form               Tmut           ##........   86%         6    #####..
 Invisibility             Hex            ##......     86%         6    #####..
 Starburst                Conj/Fire      ##........   86%         6    #####..
 Dragon Form              Tmut           ##........   100%        7    ######.
 Malign Gateway           Summ/Tloc      ##........   100%        7    ######.
 Monstrous Menagerie      Summ           ##........   100%        7    ######.
 Orb of Destruction       Conj           ##........   100%        7    ######.
 Ring of Flames           Chrm/Fire      ##........   100%        7    ######.
 Spellforged Servitor     Conj/Summ      ##........   100%        7    ######.
 Summon Greater Demon     Summ           ##........   100%        7    ######.
 Controlled Blink         Tloc           N/A          100%        8    #######
 Death's Door             Chrm/Necr      ##........   100%        8    #######
 Discord                  Hex            ##........   100%        8    #######
 Disjunction              Tloc           ##........   100%        8    #######
 Ignition                 Fire           ##........   100%        8    #######
 Summon Horrible Things   Summ           ##........   100%        8    #######
 Dragon's Call            Summ           ##........   100%        9    #######
 Passage of Golubria      Tloc           Unusable     N/A         4    N/A

Dungeon Overview and Level Annotations

Branches:
Dungeon (15/15)            Temple (0/1) D:6            Lair (6/6) D:10
  Swamp (4/4) Lair:4       Spider (4/4) Lair:4        Slime (0/5) Lair:5
    Orc (2/2) D:11            Elf (3/3) Orc:2        Vaults (5/5) D:14
  Crypt (3/3) Vaults:2       Tomb (0/3) Crypt:3      Depths (5/5) D:15
    Zot (5/5) Depths:5     Bailey (visited)           IceCv (visited)

Altars:
Cheibriados
Dithmenos
Fedhas
Gozag
Kikubaaqudgha
Okawaru
Qazlal
Yredelemnul

Shops:
D:8 [[[   D:9 !   D:11 ?   D:12 *?   Orc:2 !}*[   Elf:1 }=}   Elf:2 :?:=
Vaults:4 *   Crypt:1 *   Depths:5 ?

Portals:
Hell: Depths:1 Depths:2 Depths:3 Depths:4 Depths:5
Abyss: Depths:1 Depths:2 Depths:4 Depths:5
Pandemonium: Depths:3 Depths:5
Ziggurat: Depths:5
Trove: Depths:2 (give horn of Geryon)

Annotations:
Zot:5 exclusions: 2 doors, 2 upstairs and 6 more exclusions


Innate Abilities, Weirdness & Mutations

You are too large for most types of armour.
You have claws for hands.
Your metabolism is lightning-fast.
You like to eat raw meat.
Your natural rate of healing is unusually fast.
You are covered in fur. (AC +1)
You have extremely tough skin. (AC +3)
You have a pair of small horns on your head.
You possess an exceptional clarity of mind.
Armour fits poorly on your strangely shaped body.
You are dopey. (Int -2)
Your spells are a little easier to cast, but a little less powerful.


Message History

(D) Dungeon (T) Temple (L) Lair (S) Swamp (N) Spider Nest (M) Slime Pits (O) Orcish Mines (E) Elven Halls (V) Vaults (C) Crypt (W) Tomb (U) Depths (H) Hell (Z) Zot
Where to? (Enter - D:1 @ (x,y), ? - help)
There is a stone staircase leading up here.
You climb upwards.
There is a stone staircase leading down here.
There is a staircase leading out of the dungeon here.
You regained 9 hp, and now have 267/269 hp.
(D) Dungeon (T) Temple (L) Lair (S) Swamp (N) Spider Nest (M) Slime Pits (O) Orcish Mines (E) Elven Halls (V) Vaults (C) Crypt (W) Tomb (U) Depths (H) Hell (Z) Zot
Where to? (Enter - D:1 @ (x,y), ? - help) You're already here!
Unknown command.
Unknown command.
Unknown command.
You have escaped!

............##...#...##...####...
....................##......##...
...........##....#.##.....#......
..................##.....##......
...).......##.#..##.....###......
#'#####.#####...##.....## #......
#.# #.#########.....## #......
#÷# #...........8..## #...... ..#
#.........@...## #...... ..#
#...........>..## ####### .##
###########.....## .###########
##.....## .).........# ##.....##
...........# ##.....##
...........# ##.....##
...........# #####.....#
...........# #.# ##....#

Skill      XL: |  1  2  3  4  5  6  7  8  9 10 11 12 13 14 15 16 17 18 19 20 21 22 23 24 25 26 27 |
---------------+----------------------------------------------------------------------------------+-----
Unarmed Combat | 4 5 6 8 9 12 13 15 | 15.0
Fighting       | 2 5 7 10 12 15 | 15.0
Invocations    | 4 7 8 9 11 13 | 13.0
Shields        | 3 8 9 |  9.0
Armour         | 6 10 14 15 | 15.0
Evocations     | 6 8 |  8.0
Throwing       | 8 |  8.0
Dodging        | 4 8 |  8.0
Spellcasting   | 7 10 | 10.0
Earth Magic    | 8 14 18 21 23 26 27 | 27.0

Notes
Turn   | Place    | Note
-------+----------+-------------------------------------------
     0 | D:1      | hittemvvvvvvhard the Troll Gladiator began the quest for
                  | the Orb.
     0 | D:1      | Reached XP level 1. HP: 19/19 MP: 0/0
   231 | D:1      | Reached XP level 2. HP: 25/27 MP: 1/1
   297 | D:1      | Reached skill level 4 in Unarmed Combat
   876 | D:2      | Reached XP level 3. HP: 33/33 MP: 2/2
  1089 | D:2      | Reached XP level 4. HP: 41/41 MP: 3/3
  1102 | D:2      | Reached skill level 5 in Unarmed Combat
  1811 | D:3      | Reached XP level 5. HP: 35/48 MP: 4/4
  2124 | D:3      | Reached skill level 6 in Unarmed Combat
  2793 | D:4      | Reached XP level 6. HP: 54/55 MP: 5/5
  2862 | D:4      | Reached skill level 7 in Unarmed Combat
  3069 | D:4      | Found a shadowy altar of Dithmenos.
  3218 | D:5      | Entered Level 5 of the Dungeon
  3330 | D:5      | Reached skill level 8 in Unarmed Combat
  3330 | D:5      | Reached XP level 7. HP: 61/62 MP: 6/6
  3461 | D:5      | Reached skill level 2 in Fighting
  3472 | D:5      | Found a snail-covered altar of Cheibriados.
  3501 | D:5      | Became a worshipper of Cheibriados the Contemplative
  3642 | D:5      | Reached skill level 2 in Invocations
  3686 | D:5      | Identified the +4 war axe "Beetleslayer" {chop, Str+3}
  3827 | D:6      | Reached skill level 3 in Invocations
  3885 | D:6      | Noticed Pikel
  3946 | D:6      | Noticed Prince Ribbit
  3966 | D:5      | Killed Prince Ribbit
  3966 | D:5      | Reached skill level 4 in Invocations
  4078 | D:6      | Reached XP level 8. HP: 66/74 MP: 10/10
  4078 | D:6      | Noticed Sigmund
  4080 | D:6      | Noticed Edmund
  4207 | D:6      | Reached skill level 3 in Fighting
  4284 | D:6      | Killed Pikel
  4284 | D:6      | Reached skill level 5 in Fighting
  4288 | D:6      | Killed Edmund
  4303 | D:6      | Noticed Grinder
  4309 | D:6      | Killed Sigmund
  4312 | D:6      | Killed Grinder
  4312 | D:6      | Reached * piety under Cheibriados
  4312 | D:6      | Reached skill level 9 in Unarmed Combat
  4312 | D:6      | Reached XP level 9. HP: 88/88 MP: 11/11
  4388 | D:6      | Found a staircase to the Ecumenical Temple.
  4890 | D:7      | Reached skill level 10 in Unarmed Combat
  4973 | D:7      | Found an iron altar of Okawaru.
  5276 | D:7      | Reached ** piety under Cheibriados
  5427 | D:7      | Reached skill level 11 in Unarmed Combat
  5584 | D:8      | Noticed a two-headed ogre
  5707 | D:8      | HP: 18/88 [two-headed ogre/+0 giant spiked club (15)]
  5708 | D:8      | Killed a two-headed ogre
  5708 | D:8      | Reached skill level 12 in Unarmed Combat
  5708 | D:8      | Reached XP level 10. HP: 19/96 MP: 12/12
  5950 | D:8      | Reached skill level 6 in Fighting
  6020 | D:8      | Found Tigan's Antique Armour Emporium.
  6021 | D:8      | Noticed a two-headed ogre
  6031 | D:8      | Killed a two-headed ogre
  6121 | D:8      | Reached skill level 7 in Fighting
  6126 | D:8      | Reached *** piety under Cheibriados
  6230 | D:8      | Found Laemuw's Antique Armour Shop.
  6266 | D:8      | Reached skill level 5 in Invocations
  6414 | D:8      | Found Voroz's Armour Shop.
  6423 | D:8      | Bought a +0 large shield for 58 gold pieces
  6820 | D:9      | Reached **** piety under Cheibriados
  6867 | D:9      | Reached skill level 6 in Invocations
  6975 | D:9      | Found Acyuptig's Distillery.
  6980 | D:9      | Reached skill level 7 in Invocations
  7054 | D:9      | Bought a potion of curing for 30 gold pieces
  7054 | D:9      | Bought a potion of curing for 30 gold pieces
  7054 | D:9      | Bought a potion of berserk rage for 50 gold pieces
  7054 | D:9      | Bought a potion of berserk rage for 50 gold pieces
  7054 | D:9      | Bought a potion of might for 40 gold pieces
  7325 | D:10     | Entered Level 10 of the Dungeon
  7385 | D:10     | Found a flagged portal.
  7404 | Bailey   | Entered a bailey
  7547 | Bailey   | Reached skill level 1 in Shields
  7621 | Bailey   | Noticed an orc knight
  7630 | Bailey   | Killed an orc knight
  7630 | Bailey   | Reached skill level 2 in Shields
  7869 | D:10     | Noticed a death yak
  7876 | D:10     | Noticed a death yak
  7876 | D:10     | Noticed a death yak
  7879 | D:10     | Killed a death yak
  7879 | D:10     | Reached skill level 3 in Shields
  7879 | D:10     | Reached XP level 11. HP: 87/109 MP: 15/15
  7893 | D:10     | Killed a death yak
  7893 | D:10     | Reached skill level 4 in Shields
  7896 | D:10     | Killed a death yak
  7896 | D:10     | Reached skill level 5 in Shields
  8014 | D:10     | Found a staircase to the Lair.
  8816 | D:11     | Reached skill level 6 in Shields
  9082 | D:11     | Found Plog's Magic Scroll Boutique.
  9090 | D:11     | Bought a scroll of identify for 22 gold pieces
  9090 | D:11     | Bought a scroll of identify for 22 gold pieces
  9090 | D:11     | Bought a scroll of identify for 22 gold pieces
  9090 | D:11     | Bought a scroll of identify for 22 gold pieces
  9095 | D:11     | Gained mutation: You have a pair of small horns on your
                  | head. [potion of mutation]
  9095 | D:11     | Gained mutation: You possess an exceptional clarity of
                  | mind. [potion of mutation]
  9118 | D:11     | Reached skill level 7 in Shields
  9169 | D:11     | Found a staircase to the Orcish Mines.
  9453 | D:12     | Found Wmyathre's Whimsical Warehouse.
  9521 | D:12     | Found the +15 Maxwell's patent armour {-Cast -Tele rElec
                  | MR+ rCorr}
  9540 | D:12     | Noticed Josephine
  9544 | D:12     | Killed Josephine
  9546 | D:12     | Reached skill level 8 in Shields
  9681 | D:12     | Noticed a death knight
  9681 | D:12     | Noticed a phantasmal warrior
  9682 | D:12     | Noticed a phantasmal warrior
  9698 | D:12     | Killed a death knight
  9698 | D:12     | Killed a phantasmal warrior
  9698 | D:12     | Reached ***** piety under Cheibriados
  9698 | D:12     | Reached skill level 8 in Invocations
  9699 | D:12     | Killed a phantasmal warrior
  9801 | D:12     | Noticed Fannar
  9814 | D:12     | Killed Fannar
  9814 | D:12     | Reached XP level 12. HP: 118/118 MP: 17/17
 10076 | D:12     | Reached skill level 9 in Invocations
 10145 | D:12     | Found Buwkeneg's Magic Scroll Shoppe.
 10378 | D:12     | Noticed a two-headed ogre
 10383 | D:12     | Killed a two-headed ogre
 10465 | D:13     | Noticed a centaur warrior
 10468 | D:13     | Killed a centaur warrior
 10468 | D:13     | Reached skill level 8 in Fighting
 10644 | D:13     | Noticed a centaur warrior
 10646 | D:13     | Noticed Sonja
 10647 | D:13     | Killed a centaur warrior
 10647 | D:13     | Killed Sonja
 10647 | D:13     | Reached skill level 9 in Fighting
 10685 | D:13     | Found a blossoming altar of Fedhas.
 11145 | D:14     | Noticed a centaur warrior
 11155 | D:14     | Killed a centaur warrior
 11155 | D:14     | Reached skill level 10 in Fighting
 11268 | D:14     | Noticed a tengu warrior
 11268 | D:14     | Noticed a tengu warrior
 11273 | D:14     | Killed a tengu warrior
 11281 | D:14     | Killed a tengu warrior
 11524 | D:14     | Reached skill level 13 in Unarmed Combat
 11584 | D:14     | Noticed a vault guard
 11584 | D:14     | Noticed a vault guard
 11590 | D:14     | Killed a vault guard
 11590 | D:14     | Reached XP level 13. HP: 119/133 MP: 18/18
 11648 | D:14     | Found a gate to the Vaults.
 11940 | D:14     | Noticed a fire dragon
 11949 | D:14     | Killed a fire dragon
 11949 | D:14     | Reached skill level 14 in Unarmed Combat
 12197 | Lair:1   | Entered Level 1 of the Lair of Beasts
 13184 | Lair:2   | Found a frozen archway.
 13192 | Lair:2   | Reached ****** piety under Cheibriados
 13225 | IceCv    | Entered an ice cave
 13243 | IceCv    | Reached skill level 15 in Unarmed Combat
 13247 | IceCv    | Reached skill level 1 in Armour
 13261 | IceCv    | Reached skill level 2 in Armour
 13330 | IceCv    | Reached skill level 3 in Armour
 13389 | IceCv    | Found the macabre finger necklace {rN+}
 13837 | Lair:2   | Reached skill level 4 in Armour
 14274 | Lair:3   | Reached skill level 5 in Armour
 14284 | Lair:3   | You fall into a shaft and drop 3 floors!
 14284 | Lair:6   | Entered Level 6 of the Lair of Beasts
 14374 | Lair:6   | Reached skill level 6 in Armour
 14382 | Lair:6   | Reached XP level 14. HP: 64/143 MP: 13/19
 14534 | Lair:5   | Noticed Nessos
 14536 | Lair:5   | Noticed Nessos
 14536 | Lair:5   | Nessos changed into Nessos the manticore
 14540 | Lair:5   | Killed Nessos the manticore
 14773 | Lair:4   | Reached skill level 7 in Armour
 14865 | Lair:4   | Found a hole to the Spider Nest.
 14915 | Lair:4   | Found a staircase to the Swamp.
 15310 | Lair:3   | Identified a scroll of acquirement
 15311 | Lair:3   | Identified the amulet of Naustaj {Acrobat rElec Str+2
                  | Dex+3} (You acquired it on level 3 of the Lair of Beasts)
 16007 | Lair:4   | Got a blackened halberd
 16414 | Lair:5   | Reached skill level 8 in Armour
 16701 | Lair:5   | Found a staircase to the Slime Pits.
 16943 | Lair:5   | Reached skill level 9 in Armour
 17526 | Lair:6   | Reached skill level 10 in Armour
 17584 | Lair:6   | Reached skill level 10 in Invocations
 18338 | Orc:1    | Entered Level 1 of the Orcish Mines
 18386 | Orc:1    | You fall into a shaft and drop 1 floor!
 18386 | Orc:2    | Entered Level 2 of the Orcish Mines
 18590 | Orc:2    | Found a staircase to the Elven Halls.
 19001 | Orc:2    | Reached skill level 11 in Invocations
 19094 | Orc:1    | Reached XP level 15. HP: 149/149 MP: 22/22
 19339 | Orc:2    | Found Naifulu's Antique Armour Shop.
 19339 | Orc:2    | Found Oguutit's Distillery.
 19344 | Orc:2    | Found Anamenax's Gadget Emporium.
 19344 | Orc:2    | Found Juijios's General Store.
 19466 | Orc:1    | Paralysed by an orc sorcerer for 5 turns
 19816 | Orc:2    | Bought a wand of acid (9) for 416 gold pieces
 19816 | Orc:2    | Bought a wand of acid (5) for 288 gold pieces
 19816 | Orc:2    | Bought a phantom mirror for 480 gold pieces
 19816 | Orc:2    | Bought a wand of disintegration (16) for 320 gold pieces
 19878 | Elf:1    | Entered Level 1 of the Elven Halls
 19999 | Elf:1    | Reached skill level 12 in Invocations
 20024 | Elf:1    | Noticed Gruesome's ghost (adept OpFi)
 20468 | Elf:1    | Found Sixistreo's Gadget Emporium.
 20468 | Elf:1    | Found Otomy's Jewellery Shop.
 20469 | Elf:1    | Found Enkal's Gadget Emporium.
 20534 | Elf:1    | Found a transporter.
 20537 | Elf:1    | Found a transporter.
 20805 | Elf:1    | Reached skill level 13 in Invocations
 20808 | Elf:1    | Reached skill level 1 in Evocations
 20936 | Elf:1    | Noticed a deep elf sorcerer
 20948 | Elf:1    | Killed a deep elf sorcerer
 20986 | Elf:1    | Identified the Disquisition on Damage Dealing and Summoning
 21104 | D:12     | Bought a scroll of acquirement for 676 gold pieces
 21104 | D:12     | Identified the +1 shield of Leapfrog {rPois rF+ MR+} (You
                  | acquired it on level 12 of the Dungeon)
 21105 | D:12     | Identified the +8 quarterstaff of the Eternal Void {freeze,
                  | rN+ Int+2 Stlth+} (You acquired it on level 12 of the
                  | Dungeon)
 21105 | D:12     | Identified the ring "Suixeinn" {rC++ Dex+4 Slay+3} (You
                  | acquired it on level 12 of the Dungeon)
 21276 | Spider:1 | Entered Level 1 of the Spider Nest
 21280 | Spider:1 | Reached skill level 2 in Evocations
 21391 | Spider:1 | Reached skill level 3 in Evocations
 21421 | Spider:1 | Reached skill level 4 in Evocations
 21456 | Spider:1 | Noticed an entropy weaver
 21472 | Spider:1 | Killed an entropy weaver
 21601 | Spider:1 | Reached skill level 5 in Evocations
 22042 | Spider:1 | Noticed an entropy weaver
 22052 | Spider:1 | Killed an entropy weaver
 22235 | Spider:1 | Noticed Azrael
 22244 | Spider:1 | Killed Azrael
 22515 | Spider:1 | Reached skill level 6 in Evocations
 22835 | Spider:2 | Reached XP level 16. HP: 134/158 MP: 24/24
 22899 | Spider:2 | Reached skill level 7 in Evocations
 23172 | Spider:2 | Got a pitted hand crossbow
 23543 | Spider:3 | Noticed Agnes
 23550 | Spider:3 | Killed Agnes
 23661 | Spider:3 | Reached skill level 8 in Evocations
 23668 | Spider:3 | Reached skill level 2 in Throwing
 23786 | Spider:3 | Reached skill level 3 in Throwing
 23854 | Spider:3 | Reached skill level 4 in Throwing
 23998 | Spider:3 | Found a runed translucent door.
 24166 | Spider:4 | Entered Level 4 of the Spider Nest
 24315 | Spider:4 | Reached skill level 5 in Throwing
 24315 | Spider:4 | Noticed an entropy weaver
 24319 | Spider:4 | Killed an entropy weaver
 24576 | Spider:4 | Reached skill level 6 in Throwing
 24684 | Spider:4 | Reached skill level 7 in Throwing
 25148 | Spider:4 | Got a gossamer rune of Zot
 25357 | Swamp:1  | Entered Level 1 of the Swamp
 25417 | Swamp:1  | Reached skill level 8 in Throwing
 25522 | Swamp:1  | Reached skill level 9 in Shields
 25882 | Swamp:1  | Reached skill level 3 in Dodging
 26247 | Swamp:2  | Reached skill level 4 in Dodging
 26247 | Swamp:2  | Reached XP level 17. HP: 166/166 MP: 25/25
 26470 | Swamp:2  | Reached skill level 5 in Dodging
 26890 | Swamp:3  | Noticed Donald
 26899 | Swamp:3  | Killed Donald
 26899 | Swamp:3  | Reached skill level 6 in Dodging
 27184 | Swamp:3  | Noticed Roxanne
 27210 | Swamp:3  | Killed Roxanne
 27210 | Swamp:3  | Reached skill level 7 in Dodging
 27783 | Swamp:4  | Entered Level 4 of the Swamp
 27789 | Swamp:4  | Reached skill level 8 in Dodging
 28037 | Swamp:4  | Reached skill level 11 in Fighting
 28048 | Swamp:4  | Noticed the 27-headed Lernaean hydra
 28053 | Swamp:4  | Killed the 27-headed Lernaean hydra
 28136 | Swamp:4  | Got a decaying rune of Zot
 29000 | Elf:2    | Found Duybalae's One-of-a-Kind Books.
 29109 | Elf:2    | Reached skill level 12 in Fighting
 29314 | Elf:2    | Found a runed translucent gate.
 29315 | Elf:2    | Found a runed translucent gate.
 29315 | Elf:2    | Found a runed translucent gate.
 29410 | Elf:2    | Reached XP level 18. HP: 150/183 MP: 26/26
 29718 | Elf:2    | Reached skill level 13 in Fighting
 30017 | Elf:2    | Found Enauniri's Magic Scroll Shop.
 30019 | Elf:2    | Found Eplawunk's Book Boutique.
 30021 | Elf:2    | Found Hixoyzoc's Jewellery Shop.
 30037 | Elf:2    | Bought an uncursed ring of see invisible for 210 gold
                  | pieces
 30639 | Vaults:1 | Entered Level 1 of the Vaults
 30804 | Vaults:1 | Reached skill level 14 in Fighting
 31031 | Vaults:1 | Noticed an entropy weaver
 31039 | Vaults:1 | Killed an entropy weaver
 31446 | Vaults:1 | Reached skill level 15 in Fighting
 31601 | Vaults:1 | Got a brightly glowing shortbow
 31894 | Vaults:1 | Reached XP level 19. HP: 134/201 MP: 21/27
 31896 | Vaults:1 | Reached skill level 11 in Armour
 32185 | Vaults:1 | Cast into level 3 of the Abyss (a wizard)
 32221 | Abyss:3  | Found an opulent altar of Gozag.
 32349 | Abyss:3  | Got an abyssal rune of Zot
 32454 | Abyss:3  | Found an opulent altar of Gozag.
 32546 | Abyss:3  | Found an opulent altar of Gozag.
 32767 | Vaults:1 | Escaped the Abyss
 32900 | Vaults:2 | Reached skill level 12 in Armour
 33026 | Vaults:2 | Found a staircase to the Crypt.
 33188 | Vaults:2 | Got a faintly glowing shortbow
 33376 | Vaults:2 | Found a runed translucent door.
 33377 | Vaults:2 | Noticed Arivubam's ghost (veteran KoBe)
 33410 | Vaults:2 | Reached skill level 13 in Armour
 34414 | Vaults:2 | Killed Arivubam's ghost
 34498 | Vaults:3 | Reached skill level 14 in Armour
 34518 | Vaults:3 | You fall into a shaft and drop 1 floor!
 34663 | Vaults:3 | You fall into a shaft and drop 1 floor!
 34683 | Vaults:4 | Reached XP level 20. HP: 163/210 MP: 22/28
 35146 | Vaults:3 | Reached skill level 15 in Armour
 35286 | Vaults:3 | Learned a level 9 spell: Shatter
 35421 | Vaults:3 | Reached skill level 1 in Spellcasting
 35466 | Vaults:3 | Noticed Bai Suzhen
 35478 | Vaults:3 | Killed Bai Suzhen
 35478 | Vaults:3 | Reached skill level 2 in Spellcasting
 35716 | Vaults:3 | Reached skill level 3 in Spellcasting
 35867 | Vaults:3 | Paralysed by a great orb of eyes for 4 turns
 35914 | Vaults:3 | Reached skill level 4 in Spellcasting
 36255 | Vaults:3 | Reached skill level 5 in Spellcasting
 36561 | Vaults:3 | Reached skill level 6 in Spellcasting
 37398 | Vaults:4 | Reached skill level 7 in Spellcasting
 37671 | Vaults:4 | Found Buni's General Store.
 37907 | Vaults:4 | Noticed a deep elf demonologist
 37914 | Vaults:4 | Killed a deep elf demonologist
 37914 | Vaults:4 | Reached XP level 21. HP: 218/218 MP: 31/31
 37936 | Vaults:4 | Reached skill level 8 in Spellcasting
 38085 | Vaults:4 | Noticed a deep elf demonologist
 38087 | Vaults:4 | Noticed a deep elf demonologist
 38089 | Vaults:4 | Noticed an Ice Fiend
 38095 | Vaults:4 | Noticed an Ice Fiend
 38323 | Vaults:4 | Killed a deep elf demonologist
 39416 | Crypt:1  | Entered Level 1 of the Crypt
 39507 | Crypt:1  | Reached skill level 9 in Spellcasting
 39631 | Crypt:1  | Found a runed translucent gate.
 39632 | Crypt:1  | Found a runed translucent gate.
 39632 | Crypt:1  | Found an opulent altar of Gozag.
 39633 | Crypt:1  | Found a runed translucent gate.
 39635 | Crypt:1  | Noticed Muecso's ghost (adept GrFi)
 39637 | Crypt:1  | Found Cumnem's Assorted Antiques.
 40601 | Crypt:2  | Reached skill level 10 in Spellcasting
 40609 | Crypt:2  | Reached skill level 1 in Earth Magic
 40631 | Crypt:2  | Reached skill level 2 in Earth Magic
 40747 | Crypt:2  | Reached skill level 3 in Earth Magic
 41110 | Crypt:3  | Entered Level 3 of the Crypt
 41199 | Crypt:3  | Found a staircase to the Tomb.
 41277 | Crypt:3  | Reached skill level 4 in Earth Magic
 41281 | Crypt:3  | Noticed Mennas
 41291 | Crypt:3  | Killed Mennas
 41291 | Crypt:3  | Reached skill level 5 in Earth Magic
 41453 | Crypt:3  | Noticed Margery
 41471 | Crypt:3  | Reached skill level 6 in Earth Magic
 41474 | Crypt:3  | Noticed a lich
 41477 | Crypt:3  | Killed Margery
 41477 | Crypt:3  | Reached skill level 7 in Earth Magic
 41478 | Crypt:3  | Noticed a Tzitzimitl
 41481 | Crypt:3  | Killed a lich
 41481 | Crypt:3  | Reached skill level 8 in Earth Magic
 41482 | Crypt:3  | Reached XP level 22. HP: 91/227 MP: 5/35
 41965 | Crypt:3  | Reached skill level 9 in Earth Magic
 42399 | Crypt:3  | Found a basalt altar of Yredelemnul.
 42400 | Crypt:3  | Noticed a greater mummy
 42404 | Crypt:3  | HP: 39/224 [??? (30)]
 42407 | Crypt:3  | Noticed a curse toe
 42630 | Crypt:3  | Identified the Volume of Stolen Souls
 42635 | Crypt:3  | Learned a level 2 spell: Passwall
 42641 | Crypt:3  | Learned a level 5 spell: Lee's Rapid Deconstruction
 42643 | Crypt:3  | Learned a level 1 spell: Apportation
 42646 | Crypt:3  | Learned a level 2 spell: Blink
 42649 | Crypt:3  | Found an ancient bone altar of Kikubaaqudgha.
 42653 | Crypt:3  | Identified the ring "Wiuhexum" {rC+ rN+ Int+4}
 42669 | Crypt:3  | HP: 50/227 [emperor scorpion[a greater mummy] (12)]
 42670 | Crypt:3  | Killed a greater mummy
 42674 | Crypt:3  | HP: 52/224 [poisoned by an orange demon]
 42679 | Crypt:3  | Killed a curse toe
 42679 | Crypt:3  | Reached skill level 10 in Earth Magic
 42681 | Crypt:3  | HP: 51/224 [poisoned by an orange demon]
 42688 | Crypt:3  | HP: 55/224 [poisoned by an orange demon]
 42923 | Crypt:3  | Identified the ring "Gujisocu" {rN+ Str+4 Dex+4} (You found
                  | it on level 3 of the Crypt)
 42932 | Crypt:3  | Identified the ring "Likaikhuos" {MP+9 Int+8 Dex+5 SInv}
                  | (You found it on level 3 of the Crypt)
 44036 | Elf:1    | Killed Gruesome's ghost
 44036 | Elf:1    | Reached skill level 11 in Earth Magic
 44141 | Elf:3    | Entered Level 3 of the Elven Halls
 44171 | Elf:3    | Noticed a deep elf demonologist
 44180 | Elf:3    | Killed a deep elf demonologist
 44676 | Elf:3    | Noticed a deep elf sorcerer
 44676 | Elf:3    | Noticed a deep elf sorcerer
 44678 | Elf:3    | Noticed a deep elf demonologist
 44681 | Elf:3    | Killed a deep elf sorcerer
 44683 | Elf:3    | Noticed an Ice Fiend
 44686 | Elf:3    | Killed a deep elf sorcerer
 44688 | Elf:3    | Killed a deep elf demonologist
 44988 | Elf:3    | Noticed a deep elf demonologist
 44996 | Elf:3    | Noticed a deep elf demonologist
 44997 | Elf:3    | Killed a deep elf demonologist
 44997 | Elf:3    | Noticed a Tzitzimitl
 44999 | Elf:3    | Killed a deep elf demonologist
 44999 | Elf:3    | Reached skill level 12 in Earth Magic
 45005 | Elf:3    | Noticed a deep elf sorcerer
 45015 | Elf:3    | Killed a deep elf sorcerer
 45021 | Elf:3    | Noticed a deep elf demonologist
 45026 | Elf:3    | Killed a deep elf demonologist
 45029 | Elf:3    | Identified the +3 hand axe "Vaffom" {freeze, rPois rF+}
 45029 | Elf:3    | Identified the ring "Faeruwix" {rPois Int+2}
 45050 | Elf:3    | Noticed a deep elf sorcerer
 45050 | Elf:3    | Noticed a deep elf sorcerer
 45050 | Elf:3    | Identified the +4 bardiche of Tuxibb {drain, rC+}
 45053 | Elf:3    | Killed a deep elf sorcerer
 45058 | Elf:3    | Noticed a deep elf sorcerer
 45062 | Elf:3    | Killed a deep elf sorcerer
 45065 | Elf:3    | Killed a deep elf sorcerer
 45268 | Elf:3    | Identified the +1 leather armour of Impatience {MR+}
 45268 | Elf:3    | Noticed a deep elf demonologist
 45269 | Elf:3    | Killed a deep elf demonologist
 45269 | Elf:3    | Reached skill level 13 in Earth Magic
 45473 | Elf:3    | Got a steaming dagger
 45485 | Elf:3    | Identified the cursed +0 dagger of the Endless March
                  | {protect, *Contam +Fly rN++ MR+} (You found it on level 3
                  | of the Elven Halls)
 45490 | Elf:3    | Found the +9 heavy crossbow "Sniper" {velocity, Acc+∞ SInv}
 45777 | D:15     | Entered Level 15 of the Dungeon
 45997 | D:15     | Found a stormy altar of Qazlal.
 46242 | D:15     | Found a staircase to the Depths.
 46259 | Depths:1 | Entered Level 1 of the Depths
 46808 | Depths:1 | Reached skill level 14 in Earth Magic
 46963 | Depths:1 | Reached XP level 23. HP: 211/232 MP: 36/36
 46982 | Depths:1 | HP: 52/232 [deep troll (8)]
 47179 | Depths:1 | Found a gateway to Hell.
 47323 | Depths:1 | Found a one-way gate to the infinite horrors of the Abyss.
 47482 | Depths:1 | You fall into a shaft and drop 1 floor!
 47829 | Depths:2 | Reached skill level 15 in Earth Magic
 48458 | Depths:2 | Found a portal to a secret trove of treasure.
 48757 | Depths:2 | Noticed a juggernaut
 48762 | Depths:2 | Reached skill level 16 in Earth Magic
 48769 | Depths:2 | Killed a juggernaut
 48892 | Depths:2 | Got a brightly glowing brass ring
 48893 | Depths:2 | Identified the ring of Divine Compulsion {*Slow Str+2 Dex+9
                  | Slay+5 Stlth+} (You found it on level 2 of the Depths)
 49081 | Depths:2 | Got a pitted spear
 49731 | Elf:1    | Bought an uncursed ring of wizardry for 570 gold pieces
 49858 | D:12     | Bought an uncursed staff of wizardry for 275 gold pieces
 49858 | D:12     | Bought an uncursed ring of wizardry for 330 gold pieces
 49859 | D:12     | Identified the cursed +1 spear of Destruction {vamp, +Fly
                  | rC+ Dex+3} (You found it on level 2 of the Depths)
 50278 | Depths:3 | Found a one-way gate leading to the halls of Pandemonium.
 50598 | Depths:3 | Noticed a lich
 50608 | Depths:3 | Killed a lich
 50608 | Depths:3 | Reached skill level 17 in Earth Magic
 50783 | Depths:3 | Learned a level 6 spell: Iron Shot
 51052 | Depths:3 | Noticed a lich
 51052 | Depths:3 | Noticed a deep elf demonologist
 51055 | Depths:3 | Noticed a Tzitzimitl
 51057 | Depths:3 | Killed a lich
 51064 | Depths:3 | Killed a deep elf demonologist
 51208 | Depths:3 | Identified the ring of Villul {*Drain rF++ Int+3 Dex+2}
                  | (You found it on level 3 of the Depths)
 51788 | Crypt:1  | Killed Muecso's ghost
 51934 | Crypt:1  | Found an opulent altar of Gozag.
 52509 | Crypt:1  | Found Cumnem's Assorted Antiques.
 52587 | Crypt:1  | Bought a box of beasts for 880 gold pieces
 52587 | Crypt:1  | Bought a box of beasts for 880 gold pieces
 52587 | Crypt:1  | Bought 2 potions of might for 352 gold pieces
 52587 | Crypt:1  | Bought a scroll of blinking for 330 gold pieces
 52807 | Depths:4 | Reached skill level 18 in Earth Magic
 53031 | Depths:3 | Reached XP level 24. HP: 215/244 MP: 36/36
 53980 | Depths:4 | Reached skill level 19 in Earth Magic
 54068 | Depths:4 | Found the +8 orange crystal plate armour {Archmagi, Int+3
                  | Clar}
 54086 | Depths:4 | Identified the +8 arbalest of the Final Decision {velocity,
                  | rF- rN+ Str+5 Int+4}
 54103 | Depths:4 | Noticed a lich
 54109 | Depths:4 | HP: 52/244 [yaktaur captain/bolt (36)]
 54110 | Depths:4 | Noticed a lich
 54117 | Depths:4 | HP: 59/244 [yaktaur captain/bolt (19)]
 54695 | Depths:4 | Killed a lich
 54723 | Depths:4 | Killed a lich
 54847 | Depths:4 | Noticed a caustic shrike
 54856 | Depths:4 | Killed a caustic shrike
 54870 | Depths:4 | HP: 19/244 [shadow dragon/bolt of negative energy (58)]
 54879 | Depths:4 | HP: 50/244 [stone giant/large rock (2)]
 55376 | Depths:4 | Got a pitted war axe
 55378 | Depths:4 | Identified the +8 war axe "Evvotzoo" {venom, +Rage +Fly}
                  | (You found it on level 4 of the Depths)
 55380 | Depths:4 | Got an ancient short sword
 55381 | Depths:4 | Identified the +8 short sword of Sasuvime {flame, *Contam
                  | Str+4 Dex+4 SInv} (You found it on level 4 of the Depths)
 55799 | Depths:5 | Entered Level 5 of the Depths
 55829 | Depths:5 | Reached skill level 20 in Earth Magic
 56024 | Depths:5 | Noticed a lich
 56037 | Depths:5 | Noticed a Tzitzimitl
 56037 | Depths:5 | Killed a lich
 56111 | Depths:5 | Found Duotzon's Magic Scroll Boutique.
 56273 | Depths:5 | Noticed a juggernaut
 56282 | Depths:5 | Killed a juggernaut
 56517 | Depths:5 | Learned a level 4 spell: Leda's Liquefaction
 56523 | Depths:5 | Learned a level 5 spell: Borgnjor's Vile Clutch
 56525 | Depths:5 | Learned a level 1 spell: Summon Butterflies
 56589 | Depths:5 | Bought a scroll of fog for 34 gold pieces
 56589 | Depths:5 | Bought a scroll of fear for 59 gold pieces
 56616 | Depths:5 | Gained mutation: Your spells are a little easier to cast,
                  | but a little less powerful. [a shining eye]
 56821 | Depths:5 | Found a gate to the Realm of Zot.
 56841 | Depths:5 | Found a gateway to a ziggurat.
 58083 | Vaults:5 | Entered Level 5 of the Vaults
 58085 | Vaults:5 | Reached skill level 21 in Earth Magic
 58086 | Vaults:5 | Reached XP level 25. HP: 252/252 MP: 19/36
 58933 | Vaults:5 | Noticed a deep elf demonologist
 59030 | Vaults:5 | Killed a deep elf demonologist
 59033 | Vaults:5 | Noticed Mara
 59195 | Vaults:5 | Reached skill level 22 in Earth Magic
 59196 | Vaults:5 | Noticed hittemvvvvvvhard's illusion
 59196 | Vaults:5 | Killed Mara
 60366 | Vaults:5 | Identified the ring "Digoug" {+Fly Dex+4}
 60374 | Vaults:5 | Noticed Saint Roka
 60376 | Vaults:5 | Identified the amulet "Sues" {RegenMP rC+ Int+4}
 60549 | Vaults:5 | Killed Saint Roka
 60743 | Vaults:5 | Reached skill level 23 in Earth Magic
 60746 | Vaults:5 | Noticed an ancient lich
 60838 | Vaults:5 | Killed an ancient lich
 61295 | Vaults:4 | Killed a deep elf demonologist
 62237 | Vaults:5 | Found the +7 great mace "Undeadhunter" {disrupt, rN+}
 62290 | Vaults:5 | Got a silver rune of Zot
 62318 | Vaults:5 | Found the +7 great mace "Firestarter" {inner flame, rF++}
 62399 | Vaults:5 | Identified the Incunabulum of Flamy Poisoning
 62402 | Vaults:5 | Identified the +8 trident "Cisujan" {flame, +Fly rElec MR-}
                  | (You found it on level 5 of the Vaults)
 62501 | Vaults:5 | Identified the ring "Lamnatwa" {Wiz rC+ Str+3 Int+3 Dex-5}
                  | (You found it on level 5 of the Vaults)
 63203 | Spider:2 | Identified the +1 hand crossbow of Battle {venom, rN++
                  | Dex+2} (You found it on level 2 of the Spider Nest)
 63450 | Orc:2    | Bought a potion of agility for 48 gold pieces
 63450 | Orc:2    | Bought a potion of curing for 36 gold pieces
 63453 | Orc:2    | Bought a potion of mutation for 104 gold pieces
 63453 | Orc:2    | Bought a potion of heal wounds for 65 gold pieces
 63453 | Orc:2    | Bought a potion of invisibility for 104 gold pieces
 63453 | Orc:2    | Bought a potion of heal wounds for 65 gold pieces
 63453 | Orc:2    | Bought a potion of might for 52 gold pieces
 63453 | Orc:2    | Bought 2 potions of curing for 78 gold pieces
 63453 | Orc:2    | Bought a potion of curing for 39 gold pieces
 63453 | Orc:2    | Bought a potion of ambrosia for 104 gold pieces
 63583 | Elf:1    | Bought a lamp of fire for 440 gold pieces
 63583 | Elf:1    | Bought a box of beasts for 220 gold pieces
 63583 | Elf:1    | Bought a wand of paralysis (6) for 88 gold pieces
 63583 | Elf:1    | Bought a phantom mirror for 330 gold pieces
 63583 | Elf:1    | Bought a wand of iceblast (11) for 165 gold pieces
 63587 | Elf:1    | Bought a wand of paralysis (6) for 136 gold pieces
 63894 | Zot:1    | Entered Level 1 of the Realm of Zot
 64294 | Zot:2    | Noticed a curse toe
 64296 | Zot:2    | Reached XP level 26. HP: 201/261 MP: 19/36
 64486 | Zot:2    | Killed a curse toe
 64747 | Zot:5    | Entered Level 5 of the Realm of Zot
 65158 | Zot:5    | Noticed an ancient lich
 65159 | Zot:5    | Killed an ancient lich
 65159 | Zot:5    | Reached skill level 24 in Earth Magic
 65810 | Zot:4    | Learned a level 6 spell: Statue Form
 66155 | Zot:5    | Noticed an ancient lich
 66306 | Zot:5    | Killed an ancient lich
 66619 | Zot:5    | Reached skill level 25 in Earth Magic
 66622 | Zot:5    | Noticed an orb of fire
 66624 | Zot:5    | Gained mutation: You are dopey. (Int -2) [an orb of fire]
 66636 | Zot:5    | Killed an orb of fire
 66728 | Zot:5    | Noticed an orb of fire
 66730 | Zot:5    | Noticed an ancient lich
 66733 | Zot:5    | Killed an orb of fire
 66806 | Zot:5    | Gained mutation: Armour fits poorly on your strangely
                  | shaped body. [a cacodemon]
 66896 | Zot:5    | Noticed a Tzitzimitl
 66897 | Zot:5    | Killed an ancient lich
 67264 | Zot:5    | Noticed an orb of fire
 67265 | Zot:5    | Noticed an ancient lich
 67283 | Zot:5    | Killed an ancient lich
 67283 | Zot:5    | Reached skill level 26 in Earth Magic
 67286 | Zot:5    | Killed an orb of fire
 67286 | Zot:5    | Reached XP level 27. HP: 151/269 MP: 28/36
 67586 | Zot:5    | Noticed an ancient lich
 67589 | Zot:5    | Killed an ancient lich
 68169 | Zot:5    | Got the Orb of Zot
 68433 | Depths:4 | Noticed an ancient lich
 68435 | Depths:4 | Killed an ancient lich
 68437 | Depths:4 | Noticed Tyekiet the pandemonium lord
 68460 | Depths:3 | Noticed Abicka Poca the pandemonium lord
 68460 | Depths:3 | Noticed a Tzitzimitl
 68648 | D:10     | Noticed a Brimstone Fiend
 68652 | D:10     | Killed a Brimstone Fiend
 68741 | D:7      | Noticed a Tzitzimitl
 68744 | D:7      | Killed a Tzitzimitl
 68797 | D:3      | Reached skill level 27 in Earth Magic
 68823 | D:$      | Escaped with the Orb!

Table legend:
 A = Turns spent in this place as a percentage of turns spent in the entire game.
 B = Non-inter-level travel turns spent in this place as a percentage of non-inter-level travel turns spent in the entire game.
 C = Inter-level travel turns spent in this place as a percentage of turns spent in this place.
 D = Turns resting spent in this place as a percentage of non-inter-level travel turns spent in this place.
 E = Turns spent auto-exploring this place as a percentage of non-inter-level travel turns spent in this place.
 F = Non-inter-level travel turns spent in this place divided by the number of levels of this place that you've seen.
                   A       B       C       D       E      F
               +-------+-------+-------+-------+-------+----------------------
         Total | 100.0 | 100.0 |  11.9 |  10.5 |  69.3 | 1102.0
       Dungeon |  21.5 |  20.1 |  17.7 |   2.5 |  78.1 | 812.3
          Lair |   9.4 |   9.1 |  14.7 |   4.0 |  79.6 | 915.7
         Swamp |   5.0 |   5.3 |   6.9 |   0.0 |  81.5 | 807.5
   Spider Nest |   6.7 |   6.7 |  12.0 |   3.4 |  75.5 | 1019.0
  Orcish Mines |   2.7 |   2.2 |  28.0 |   0.0 |  81.5 | 669.0
   Elven Halls |   6.8 |   6.6 |  14.5 |   4.2 |  75.1 | 1336.7
        Vaults |  18.6 |  19.2 |   9.2 |  12.8 |  67.4 | 2328.8
         Crypt |   7.5 |   7.7 |   9.5 |  11.3 |  70.6 | 1551.0
        Depths |  13.2 |  13.7 |   8.6 |   8.6 |  70.5 | 1660.2
           Zot |   6.5 |   7.1 |   4.5 |  62.8 |  12.3 | 860.8
         Abyss |   0.8 |   1.0 |   0.0 |  17.2 |  58.4 | 582.0
        Bailey |   0.5 |   0.6 |   0.0 |   0.0 |  66.0 | 359.0
      Ice Cave |   0.6 |   0.7 |   0.0 |   0.0 |  54.8 | 434.0
               +-------+-------+-------+-------+-------+----------------------

Table legend:
 A = Kills in this place as a percentage of kills in entire the game.
 B = Kills by you in this place as a percentage of kills by you in the entire game.
 C = Kills by friends in this place as a percentage of kills by friends in the entire game.
 D = Other kills in this place as a percentage of other kills in the entire game.
 E = Experience gained in this place as a percentage of experience gained in the entire game.
 F = Experience gained in this place divided by the number of levels of this place that you have seen.
                   A       B       C       D       E      F
               +-------+-------+-------+-------+-------+----------------------
         Total | 100.0 | 100.0 | 100.0 | 100.0 | 100.0 | 28710.0
       Dungeon |  16.5 |  16.4 |   0.0 |  66.7 |   4.1 | 4274.1
          Lair |   6.9 |   6.9 |   0.0 |   0.0 |   3.1 | 8160.7
         Swamp |   6.7 |   6.8 |   0.0 |   0.0 |   4.8 | 18853.8
   Spider Nest |   9.4 |   9.5 |   0.0 |   0.0 |   5.1 | 20286.2
  Orcish Mines |   4.1 |   4.2 |   0.0 |   0.0 |   0.8 | 6234.0
   Elven Halls |   6.2 |   6.2 |   0.0 |   0.0 |   7.7 | 40387.3
        Vaults |  22.7 |  22.7 |   0.0 |  16.7 |  28.9 | 91310.0
         Crypt |   6.6 |   6.7 |   0.0 |   0.0 |   8.5 | 44817.7
        Depths |  13.0 |  12.9 |  50.0 |   0.0 |  19.1 | 60202.8
           Zot |   4.7 |   4.6 |  50.0 |   0.0 |  16.8 | 52914.6
         Abyss |   0.9 |   0.9 |   0.0 |   0.0 |   0.8 | 12857.0
        Bailey |   1.4 |   1.4 |   0.0 |  16.7 |   0.1 | 842.0
      Ice Cave |   0.8 |   0.8 |   0.0 |   0.0 |   0.3 | 5493.0
               +-------+-------+-------+-------+-------+----------------------

Action                   |  1- 3 |  4- 6 |  7- 9 | 10-12 | 13-15 | 16-18 | 19-21 | 22-24 | 25-27 || total
-------------------------+-------+-------+-------+-------+-------+-------+-------+-------+-------++-------
Melee: Unarmed           |    88 |   176 |   165 |   452 |   929 |   958 |  1132 |  1315 |   352 ||  5567
       Punch             |     2 |     3 |    12 |     5 |       |       |       |       |       ||    22
       Headbutt          |       |       |       |    60 |   316 |   324 |   437 |   517 |   138 ||  1792
       Morningstar       |       |       |       |       |     6 |       |       |       |       ||     6
Throw: Stone             |    13 |    70 |       |       |       |       |       |       |       ||    83
       Dart              |       |    47 |    56 |   141 |    28 |       |       |       |       ||   272
       Javelin           |       |     2 |    35 |     1 |    49 |    28 |     1 |    78 |    26 ||   220
       Throwing net      |       |       |     3 |       |       |       |       |       |       ||     3
       Boomerang         |       |       |    26 |     9 |       |    33 |    59 |       |       ||   127
       Large rock        |       |       |       |       |   100 |   192 |   211 |   121 |     4 ||   628
 Cast: Lee's Rapid Decon |       |       |       |       |       |       |       |    43 |       ||    43
       Iron Shot         |       |       |       |       |       |       |       |     5 |    61 ||    66
       Shatter           |       |       |       |       |       |       |       |     2 |   140 ||   142
       Leda's Liquefacti |       |       |       |       |       |       |       |     1 |       ||     1
       Borgnjor's Vile C |       |       |       |       |       |       |       |     1 |       ||     1
       Blink             |       |       |       |       |       |       |       |       |     4 ||     4
       Summon Butterflie |       |       |       |       |       |       |       |       |     1 ||     1
Invok: Slouch            |       |       |       |     7 |     9 |    13 |    29 |    19 |    12 ||    89
       Step From Time    |       |       |       |       |       |       |     1 |     1 |       ||     2
       Temporal Distorti |       |       |       |       |       |       |     1 |     1 |     3 ||     5
Evoke: Sack of spiders   |       |       |       |     1 |       |       |       |       |       ||     1
       Wand              |       |       |       |       |    31 |    10 |     5 |    10 |     3 ||    59
       Phantom mirror    |       |       |       |       |       |     1 |       |       |       ||     1
       Lightning rod     |       |       |       |       |       |       |     4 |     3 |       ||     7
       Box of beasts     |       |       |       |       |       |       |       |     2 |       ||     2
  Use: Scroll            |       |     7 |     4 |    12 |    11 |     6 |     7 |    27 |    19 ||    93
       Potion            |       |       |     1 |     1 |       |     1 |     1 |    11 |    20 ||    35
 Stab: Sleeping          |     1 |       |       |     3 |       |       |     1 |       |       ||     5
       Held in net/web   |       |       |     1 |       |       |       |       |       |       ||     1
       Petrified         |       |       |       |       |     3 |       |       |       |       ||     3
       Paralysed         |       |       |       |       |       |     1 |       |       |       ||     1
       Invisible         |       |       |       |       |       |       |       |     3 |       ||     3
       Distracted        |       |       |       |       |       |       |       |     1 |       ||     1
  Eat: Chunk             |    15 |    21 |    20 |    38 |    73 |    70 |    46 |    79 |    27 ||   389
       Ration            |       |       |       |       |       |       |     3 |    12 |    46 ||    61
Armor: Robe              |    21 |    62 |    39 |   112 |    15 |       |       |       |       ||   249
       Ice dragon scales |       |       |       |       |    77 |       |       |       |       ||    77
       Fire dragon scale |       |       |       |       |   208 |   317 |   334 |   568 |   205 ||  1632
Dodge: Dodged            |    29 |    95 |    73 |   114 |   223 |   493 |   472 |   713 |   306 ||  2518
Block: Large shield      |       |       |       |   438 |   835 |       |       |       |       ||  1273
       Reflection        |       |       |       |    52 |     3 |       |       |       |       ||    55
       Shield            |       |       |       |       |   194 |   745 |   763 |  1112 |   351 ||  3165

Vanquished Creatures
  3 orbs of fire (Zot:5)
  Mara (Vaults:5)
  Mennas (Crypt:3)
  2 juggernauts
  7 ancient liches
  A greater mummy (Crypt:3)
  Bai Suzhen (Vaults:3)
  the Lernaean hydra (Swamp:4)
  Saint Roka (Vaults:5)
  Margery (Crypt:3)
  5 Killer Klowns
  2 curse toes
  The ghost of Arivubam the Imperceptible, a veteran KoBe of Trog (Vaults:2)
  A caustic shrike (Depths:4)
  12 golden dragons
  A Tzitzimitl (D:7)
  A Brimstone Fiend (D:10)
  An electric golem (Zot:4)
  The ghost of Muecso the Tortoise, an adept GrFi of Makhleb (Crypt:1)
  6 tentacled monstrosities
  9 quicksilver dragons
  6 liches
  17 Orb Guardians
  2 deep elf blademasters (Elf:3)
  6 titans
  A deep elf master archer (Elf:3)
  2 tentacled starspawn (Abyss:3)
  7 shadow dragons
  2 sphinxes
  5 death cobs
  8 ancient champions
  2 thorn hunters (Swamp:3)
  Donald (Swamp:3)
  Agnes (Spider:3)
  11 storm dragons
  Roxanne (Swamp:3)
  6 tengu reavers
  2 revenants
  3 draconian monks
  2 draconian knights
  A draconian scorcher (Zot:5)
  17 vault wardens
  A ghost moth (Spider:4)
  8 fire giants
  A juggernaut zombie (Crypt:2)
  10 frost giants
  7 deep elf sorcerers
  5 iron dragons
  A draconian shifter (Zot:5)
  7 emperor scorpions
  The ghost of Gruesome the Black Belt, an adept OpFi of Cheibriados (Elf:1)
  A reaper (Crypt:3)
  3 draconian stormcallers
  5 draconian annihilators
  3 spriggan defenders
  12 very ugly things
  4 ghouls
  4 deep elf elementalists
  3 war gargoyles
  19 stone giants
  4 entropy weavers
  18 ironheart preservers
  7 vampire knights
  5 green draconians
  11 deep elf demonologists
  6 purple draconians
  6 deep elf annihilators
  4 yellow draconians
  6 black draconians
  4 white draconians
  4 red draconians
  4 spark wasps
  Azrael (Spider:1)
  6 eidola
  10 ettins
  2 merfolk javelineers (Depths:2)
  11 deep elf death magi
  Josephine (D:12)
  17 fire dragons
  A crystal guardian (Vaults:4)
  A green death (Depths:3)
  5 deep elf high priests
  19 yaktaur captains
  A quicksilver dragon zombie (Crypt:3)
  10 jiangshi
  2 mummy priests (Crypt:3)
  14 great orbs of eyes
  31 vault guards
  Fannar (D:12)
  5 rakshasas
  11 ice dragons
  3 ghost crabs
  20 hydras
  4 spriggan air magi
  33 two-headed ogres
  2 shambling mangroves
  4 catoblepae
  10 centaur warriors
  11 deep troll shamans
  A queen ant (shapeshifter) (Depths:5)
  11 alligators
  6 death knights
  5 tengu warriors
  12 death yaks
  10 deep troll earth magi
  A queen ant (Spider:1)
  3 orc high priests (Orc:2)
  6 vampire magi
  13 ogre magi
  35 dancing weapons
  4 spriggan berserkers
  2 titan zombies
  21 deep elf knights
  A storm dragon zombie (Crypt:3)
  A sun demon (D:13)
  2 titan skeletons
  Sonja (D:13)
  27 skeletal warriors
  A wretched star (Abyss:3)
  A shock serpent (shapeshifter) (Depths:1)
  7 shadow wraiths
  A sixfirhy (Depths:4)
  9 hell knights
  2 iron trolls (Depths:4)
  2 death drakes (shapeshifter)
  4 unseen horrors
  A death drake (Abyss:3)
  2 glowing orange brains
  28 deep trolls
  A torturous demonspawn (Depths:3)
  10 swamp dragons
  18 deep elf archers
  8 wizards
  A swamp dragon (shapeshifter) (Depths:4)
  7 flayed ghosts
  An infernal demonspawn (Depths:3)
  15 small abominations
  A tengu zombie (Vaults:3)
  8 necromancers
  10 phantasmal warriors
  Pikel (D:6)
  A golden dragon skeleton (Crypt:2)
  20 orc knights
  74 ugly things
  15 ironbrand convokers
  An obsidian statue (Crypt:1)
  A wolf spider zombie (D:14)
  83 deep elf magi
  A mana viper (shapeshifter) (Vaults:5)
  A tengu skeleton (Vaults:3)
  A stone giant zombie (Crypt:3)
  A shadow dragon skeleton (Crypt:3)
  8 orb spiders
  2 cyclopes (shapeshifter)
  6 orc sorcerers
  20 wolf spiders
  2 manticores
  A salamander (D:15)
  A salamander (shapeshifter) (Vaults:5)
  13 vault sentinels
  A moth of wrath (shapeshifter) (Depths:2)
  11 elephants
  A fire giant skeleton (Crypt:1)
  3 cyclopes
  A shock serpent zombie (Crypt:1)
  20 moths of wrath
  3 black mambas
  2 ice statues (IceCv)
  A black mamba (shapeshifter) (Vaults:5)
  An orange demon (Depths:4)
  A torpor snail (Spider:2)
  2 stone giant skeletons
  A yaktaur zombie (Vaults:2)
  A smoke demon (Abyss:3)
  4 gargoyles
  9 spiny frogs
  59 yaktaurs
  A rime drake (shapeshifter) (Vaults:3)
  A dire elephant skeleton (Crypt:1)
  4 rime drakes
  A sea snake zombie (Crypt:3)
  A redback zombie (Crypt:3)
  6 freezing wraiths
  6 komodo dragons
  7 guardian mummies (Crypt:3)
  A sea snake skeleton (Crypt:1)
  A yaktaur skeleton (Vaults:3)
  35 jumping spiders
  8 demonic crawlers
  A white draconian skeleton (Crypt:1)
  3 catoblepas skeletons (Abyss:3)
  A red devil (Depths:3)
  A troll (shapeshifter) (Vaults:1)
  4 trolls
  3 polar bears
  A merfolk (D:15)
  2 tengu conjurers (Depths:1)
  29 hornets
  15 bog bodies
  Prince Ribbit (D:5)
  9 tyrant leeches
  Grinder (D:6)
  3 fire giant simulacra
  A hippogriff (shapeshifter) (Vaults:1)
  6 blink frogs
  9 hippogriffs
  39 slime creatures
  11 dream sheep
  A meliai zombie (D:13)
  2 human simulacra
  A redback (shapeshifter) (Vaults:4)
  2 black mamba zombies
  Sigmund (D:6)
  5 flying skulls (Crypt:2)
  72 redbacks
  2 shadows
  An alligator skeleton (Crypt:3)
  27 yaks
  14 large abominations
  22 tarantellas
  A wyvern (shapeshifter) (Vaults:2)
  15 spriggans
  11 water elementals
  10 humans (D:14)
  11 wraiths
  2 basilisks
  3 wyverns
  An ushabti (Crypt:3)
  A human (shapeshifter) (Vaults:5)
  5 fire elementals
  2 hungry ghosts (D:7)
  16 vampire mosquitoes
  3 chaos spawn
  A catoblepas simulacrum (Crypt:3)
  Edmund (D:6)
  9 wargs
  An ogre zombie (Vaults:1)
  2 acid dragons
  3 insubstantial wisps (Swamp:2)
  22 soldier ants
  6 water moccasins
  13 swamp worms
  2 hell hounds (Spider:1)
  A soldier ant (shapeshifter) (Vaults:2)
  A floating eye (shapeshifter) (Spider:3)
  12 porcupines
  A torturous demonspawn skeleton (Crypt:2)
  44 orc warriors
  A swamp drake (shapeshifter) (D:15)
  6 black bears
  A sky beast (shapeshifter) (Depths:3)
  5 sky beasts
  25 ice beasts
  2 slaves (D:5)
  26 ogres
  A phantom (D:10)
  A human zombie (Vaults:3)
  An orc zombie (Vaults:1)
  13 swamp drakes
  A hornet zombie (Crypt:3)
  17 wolves
  An ogre (shapeshifter) (Vaults:5)
  A snapping turtle zombie (Crypt:3)
  A tengu (shapeshifter) (Vaults:3)
  A swamp dragon skeleton (Crypt:2)
  4 boggarts (Depths:1)
  12 centaurs
  11 crocodiles
  A big kobold (D:7)
  A salamander zombie (Crypt:2)
  9 earth elementals
  2 human skeletons
  14 bullfrogs
  A gnoll sergeant (D:8)
  An ogre simulacrum (Vaults:1)
  A salamander skeleton (Crypt:2)
  A scorpion (D:8)
  A hornet simulacrum (D:14)
  15 wights
  11 killer bees
  2 electric eels
  4 howler monkeys
  A wolf skeleton (Crypt:1)
  9 crimson imps
  3 bullfrog zombies
  A quasit (Depths:3)
  26 orc priests
  9 hounds
  A bullfrog skeleton (D:9)
  4 centaur skeletons
  2 centaur zombies
  3 jellies
  36 orc wizards
  A porcupine zombie (Crypt:1)
  An iguana (D:12)
  26 worker ants
  3 hell rats (D:10)
  A demigod zombie (Crypt:2)
  A felid zombie (Crypt:3)
  A demigod skeleton (Crypt:2)
  12 mummies (Crypt:3)
  A worker ant zombie (D:10)
  24 gnolls
  A howler monkey skeleton (D:4)
  2 river rats (D:10)
  11 adders
  4 shadow imps
  5 white imps (Depths:3)
  2 ufetubi
  An adder skeleton (Crypt:3)
  2 adder zombies
  11 worms
  A dart slug (D:2)
  4 leopard geckos
  96 orcs
  4 giant cockroaches
  13 goblins
  16 hobgoblins
  18 jackals
  34 kobolds
  3 quokkas
  A ball python (D:4)
  9 bats
  7 frilled lizards
  A giant cockroach zombie (D:5)
  A kobold zombie (Crypt:1)
  A leopard gecko skeleton (D:6)
  2 quokka skeletons (D:8)
  A quokka zombie (Crypt:1)
  9 rats
  A butterfly (D:6)
  A crawling corpse (Elf:3)
  A fungus (Lair:3)
  A starspawn tentacle (Abyss:3)
2433 creatures vanquished.

Vanquished Creatures (collateral kills)
  2 Orb Guardians (Zot:5)
  A stone giant (Depths:4)
  A hell knight (Depths:4)
4 creatures vanquished.

Vanquished Creatures (others)
  A skeletal warrior (Vaults:3)
  A cyclops (D:14)
  A tarantella (Spider:4)
  A slave (D:6)
  2 centaurs
  A wight (D:6)
  An orc priest (Orc:2)
  A worker ant (Spider:1)
  An orc (Vaults:3)
  A hobgoblin (Bailey)
  A quokka skeleton (D:6)
  5 fungi (Swamp:4)
  2 plants
  4 starspawn tentacles (Abyss:3)
  A withered plant (Vaults:2)
24 creatures vanquished.

Grand Total: 2461 creatures vanquished There were no monsters in sight!

Levels and vault maps discovered:
D:1:      psy_arrival_spokes, layout_basic
D:2:      layout_basic, chequers_serial_rivers_micro_a
D:3:      kennysheep_six_static_rooms, layout_basic
D:4:      layout_rooms, nicolae_dithmenos_through_a_glass_darkly
D:5:      layout_cave_pools, first_ration, cheibriados_altar_1
D:6:      layout_loops_cross, minmay_temple_entry_butterflies, uniq_sigmund,
          uniq_pikel, uniq_grinder, uniq_edmund, uniq_prince_ribbit1
D:7:      layout_loops_cross, old_standard_altar
D:8:      layout_cave_pools, serial_shops, nicolae_shop_statue_plus,
          kennysheep_mini, shop
D:9:      layout_roguey, serial_shops, shop
D:10:     layout_basic, dpeg_lair_monsters, enter_bailey_3
D:11:     layout_rooms, david_orc_2, serial_shops, nicolae_shop_trees,
          grunt_ogre_cave
D:12:     layout_stronghold, serial_shops, shop_scrolls, kennysheep_crisscross,
          nicolae_alphabet_shops, uniq_josephine, uniq_fannar
D:13:     layout_roguey, fedhas_bush_and_centaur_altar, uniq_sonja
D:14:     layout_roguey, ximxim_vaults_locker_room
D:15:     hangedman_depths_entry_try_elsewhere_first, layout_rooms,
          nicolae_qazlal_style_of_elements
Lair:1:   layout_gridlike, chequers_serial_rivers_marsh, grunt_megastairs_2
Lair:2:   layout_regular_city, portal_ice_cave_entry_ice_beasts,
          lemuel_fruit_fields, serial_bayou_shore_a, infiniplex_staircase_pool
Lair:3:   layout_cave_pods, beast_lair_carwin_2
Lair:4:   layout_hall_layers, skrybe_swamp_entry_bodies, dummy_spider_entry,
          serial_bayou_pond_c, lemuel_fruit_tree, grunt_megastairs_3
Lair:5:   beast_lair_carwin_large_2, layout_gridlike,
          minmay_slime_entry_pillars, uniq_nessos
Lair:6:   grunt_lair_end_beastmaster, layout_gridlike,
          chequers_serial_rivers_micro_b
Swamp:1:  layout_basic_swamp, nicolae_swamp_very_dense_foliage,
          infiniplex_staircase_pool_2
Swamp:2:  layout_basic_swamp, evilmike_swamp_ruin_house_5
Swamp:3:  layout_basic_swamp, evilmike_swamp_ruin_house_2, uniq_donald,
          uniq_roxanne
Swamp:4:  grunt_swamp_rune_castle, layout_basic_swamp, swamp_pool5
Spider:1: layout_spider_delve, nicolae_spider_webs_and_nodes, zaba_anthell,
          uniq_azrael
Spider:2: layout_spider_delve
Spider:3: cheibrodos_spider_deadly_dance, uniq_agnes
Spider:4: grunt_spider_rune_circles
Orc:1:    layout_caves
Orc:2:    grunt_orc_tribal_feast, layout_diamond_mine, nicolae_orc_rockfall
Elf:1:    eino_elf_arrival_the_gate, layout_loops_ring, gammafunk_ghost_arena,
          minmay_elf_sorcery, minmay_shop_grove
Elf:2:    layout_gridlike, nrook_mini_backslash, nicolae_rare_books,
          minmay_shop_star
Elf:3:    minmay_elf_hall_x, layout_loops_cross
Vaults:1: hangedman_vaults_locks, dpeg_vaults_monster_row, v_misc_26,
          st_smaller_cells, hangedman_vaults_trim, hangedman_vaults_capsules,
          grunt_vaults_swirl, ontoclasm_vaults_idyll, serial_ice_g, v_misc_22,
          vaults_room_semicircle, ontoclasm_vaults_fault, v_misc_24,
          nicolae_vaults_diagonal_hallway_6, nicolae_vaults_rhombus_5,
          layout_vaults_omnicross
Vaults:2: gammafunk_vaults_ghost_grave, grunt_vaults_hallway_long,
          v_alt_pattern_2, hangedman_vaults_stitches,
          minmay_crypt_entry_simple_sparse, v_pattern_5,
          nicolae_vaults_border_crossing, vaults_dpeg_ring,
          nicolae_vaults_little_squares_6, vaults_room_semicircle,
          vaults_room_hallway, layout_vaults_ring
Vaults:3: v_misc_12, nicolae_vaults_good_morning_starshine, grunt_vaults_focal,
          ontoclasm_vaults_spin, ontoclasm_vaults_gateway, grunt_vaults_twisty,
          v_misc_11, grunt_vaults_hallway_short, layout_vaults_chaotic_city,
          uniq_bai_suzhen
Vaults:4: vaults_room_pool, nicolae_vaults_mini_display_case,
          nicolae_vaults_hallways_thing, ontoclasm_vaults_shuriken,
          nicolae_vaults_back_hallway, ontoclasm_vaults_chip,
          nicolae_vaults_alarming, ontoclasm_vaults_ring_small, v_rooms_1,
          hangedman_vaults_maws, layout_vaults_maze, serial_shops, shop_statue
Vaults:5: serial_shops, uniq_mara, uniq_saint_roka
Crypt:1:  layout_gridlike, ebering_ghost_gozag, minmay_misc_feat_ornament,
          serial_sigils_hangedman_scar, serial_sigils_hangedman_shear,
          grunt_crypt_arrival_split
Crypt:2:  layout_gridlike
Crypt:3:  lightli_unholy_cathedral, layout_chaotic_city,
          nicolae_tomb_entry_unfolded_pyramid_diagonal, grunt_ministairs_1,
          uniq_margery, uniq_mennas
Depths:1: layout_cross, abyss_entry, hangedman_decor_growths, hell_entry,
          minmay_tree_intersection, kennysheep_opposing_triangles
Depths:2: cross_vault, layout_basic, enter_trove_0,
          pf_vacation_house_of_asmodeus, chequers_serial_rivers_small_b,
          abyss_entry, corner_web_ring, laboratory,
          roderic_lattice_octagonal_star
Depths:3: minmay_the_grid_triangle_9x9_rhombus_full
          [minmay_the_grid_triangle_9x9_alien,
          minmay_the_grid_triangle_9x9_skeleton,
          minmay_the_grid_triangle_9x9_sprig,
          minmay_the_grid_triangle_9x9_zippers_vertical,
          minmay_the_grid_triangle_9x9_wacky_v,
          minmay_the_grid_triangle_9x9_zippers_horizontal,
          minmay_the_grid_triangle_9x9_flanged_cone,
          minmay_the_grid_triangle_9x9_prize_top_heavy], layout_cave_pools,
          grunt_pan_entry_sceptre, hell_entry, minmay_misc_feat_iff,
          minmay_staircase_bubble
Depths:4: minmay_broken_ring, layout_cave_pools, hangedman_coc_ice_floe,
          serial_glass, glass_columns_a, glass_columns_a, glass_columns_a,
          glass_columns_c, glass_columns_b, glass_columns_a,
          minmay_room_of_horrors, minmay_alternating_orb,
          infiniplex_staircase_split_hallway
Depths:5: evilmike_zot_entry_diamond, layout_cave_shapes, enter_ziggurat_a,
          pan_entry, serial_shops, nicolae_shop_stone, pf_hell_entry_tar_spiral,
          abyss_entry
Zot:1:    layout_gridlike, st_small_dragon_hoard_2
Zot:2:    layout_gridville, lemuel_elevator
Zot:3:    layout_twisted_circle
Zot:4:    layout_cathedral_of_symmetry, skrybe_zot_glass_3
Zot:5:    layout_gridlike
